 Dungeon Crawl Stone Soup version 0.31-a0-819-gf6de2f5ab6 (webtiles) character file.

Game seed: 14589327203420390147

1220 Kurtz the Chopper (level 8, -3/54 HPs)
             Began as an Octopode Fighter on Sept 25, 2023.
             Was a Follower of Makhleb.
             Slain by a sky beast (5 damage)
             ... on level 6 of the Dungeon.
             The game lasted 00:05:16 (4491 turns).

Kurtz the Chopper (Octopode Fighter)                Turns: 4491, Time: 00:05:16

Health: -3/54      AC:  1    Str: 19    XL:     8   Next: 47%
Magic:  18/18      EV: 14    Int: 10    God:    Makhleb [*.....]
Gold:   183        SH:  5    Dex: 12    Spells: 7/7 levels left

rFire   . . .        s - +3 hand axe (heavy)
rCold   . . .        b - +0 buckler
rNeg    . . .        (helmet restricted)
rPois   .            i - amulet of regeneration
rElec   .            j - ring of magical power
rCorr   .            (no ring)
SInv    .            (no ring)
Will    +....        (no ring)
Stlth   +++          (no ring)
HPRegen 1.09/turn    (no ring)
MPRegen 0.16/turn    (no ring)
                     (no ring)

%: no passive effects
@: mighty
A: almost no armour, amphibious, 8 rings, camouflage 1, gelatinous body 1,
(nimble swimmer 1), tentacles, strong-willed 1, screaming 1, strong 1
a: Renounce Religion


You were on level 6 of the Dungeon.
You worshipped Makhleb.
Makhleb was aware of your devotion.
You visited 2 branches of the dungeon, and saw 7 of its levels.

You collected 357 gold pieces.
You spent 174 gold pieces at shops.

Inventory:

Hand Weapons
 a - a +1 war axe
 s - a +3 heavy hand axe (weapon)
Missiles
 u - 4 javelins (quivered)
Armour
 b - a +0 buckler (worn)
Jewellery
 i - an amulet of regeneration (around mantle)
 j - a ring of magical power (left tentacle)
 o - a ring of magical power
Wands
 h - a wand of light (13)
 q - a wand of digging (4)
Scrolls
 d - 12 scrolls of identify {unknown}
 f - 2 scrolls of immolation
 g - 2 scrolls of amnesia {unknown}
 k - 5 scrolls of teleportation {unknown}
 l - 2 scrolls of vulnerability {unknown}
 p - 4 scrolls of poison {unknown}
 r - a scroll of noise {unknown}
 t - a scroll of enchant armour {unknown}
Potions
 n - 2 potions of attraction


   Skills:
 * Level 4.8 Fighting
 * Level 7.3 Axes
 * Level 4.4 Dodging
 - Level 4.2 Stealth
 * Level 4.0 Shields
 * Level 2.0 Invocations


You had 7 spell levels left.
You didn't know any spells.
Your spell library was empty.

Dungeon Overview and Level Annotations

Branches:
Dungeon (6/15)             Temple (1/1) D:4

Altars:
Ashenzari
Cheibriados
Dithmenos
Elyvilon
Fedhas
Hepliaklqana
Makhleb
Qazlal
Ru
Sif Muna
Trog
Uskayaw
Vehumet
Yredelemnul
Zin
The Shining One

Shops:
D:4 (

Annotations:
D:5 3 runed translucent doors, exclusion: downstairs, olddryhag's ghost, novice DsWn
D:6 2 runed translucent doors


Innate Abilities, Weirdness & Mutations

You cannot wear most types of armour.
You are amphibious.
You can wear up to eight rings at the same time.
Your skin changes colour to match your surroundings (Stealth+).
Your rubbery body absorbs attacks. (AC +1, EV +1)
((You are camouflaged when in or above water. (Stealth+)))
You have tentacles for arms and can constrict up to eight enemies at once.
You are strong-willed. (Will+)
You occasionally shout uncontrollably at your foes.
Your muscles are strong. (Str +4, Int/Dex -1)


Message History

You see here a +0 falchion.
As you read the scroll labelled TIERGH XOTWAIHI, it crumbles to dust.
It is a scroll of enchant weapon.
Your +0 war axe glows red for a moment.
A sky beast appears from thin air!
Reactivating autopickup.
You block the sky beast's attack.
The sky beast attacks as it pursues you!
The sky beast barely misses you.
The sky beast attacks as it pursues you!
You block the sky beast's attack.
The sky beast flickers out of sight!
Deactivating autopickup; reactivate with Ctrl-A.
Something hits you.
* * * LOW HITPOINT WARNING * * *
Something shocks you.
* * * LOW HITPOINT WARNING * * *
The sky beast attacks as it pursues you!
The sky beast misses you.
It was a potion of curing.
You feel better. The sky beast misses you.
As you read the scroll labelled ZAIRAHU YRODD, it crumbles to dust.
The creatures around you are filled with an inner flame!
It was a scroll of immolation.
The sky beast flickers out of sight!
Something hits you.
* * * LOW HITPOINT WARNING * * *
Something shocks you.
* * * LOW HITPOINT WARNING * * *
You enter the shallow water.
A sky beast appears from thin air!
Reactivating autopickup.
The sky beast flickers out of sight!
Deactivating autopickup; reactivate with Ctrl-A.
Something hits you.
* * * LOW HITPOINT WARNING * * *
Something shocks you.
* * * LOW HITPOINT WARNING * * *
There is a stone staircase leading down here.
Unknown command.
Something hits you.
* * * LOW HITPOINT WARNING * * *
Something shocks you.
You die...

##..####............
#...).##............
###.....##............
##......÷..............
###......##....#....#####
##.......##....##...## ###
#....##...........#.#
#..###...#............#.#
#........#...@..........#
#......#..~.......)..†..# .
#......##~####..#..###..####++
#....).##.###...#.[.#.....8#..
##......#....).....####....+...
#......)..............#....8###
##...#...........#..#.#........
###...#..###........##..........
##........####...................


There were no monsters in sight!

Vanquished Creatures
  Grinder (D:4)
  A black bear (D:6)
  An ogre (D:5)
  A phantom (D:5)
  3 scorpions
  3 wights (D:6)
  2 hounds
  A sleepcap (D:6)
  3 iguanas
  3 orc wizards
  Robin (D:2)
  8 adders
  2 white imps
  2 ufetubi (D:5)
  18 orcs
  3 ball pythons
  3 endoplasms (D:1)
  3 giant cockroaches
  14 goblins
  9 hobgoblins
  14 jackals
  5 quokkas
  5 bats
  2 frilled lizards
  5 kobolds
  4 rats
  A spectral goblin (D:1)
118 creatures vanquished.

Notes
Turn   | Place    | Note
-------+----------+-------------------------------------------
     0 | D:1      | Kurtz the Octopode Fighter began the quest for the Orb.
     0 | D:1      | Reached XP level 1. HP: 16/16 MP: 1/1
   110 | D:1      | Reached XP level 2. HP: 21/21 MP: 2/2
   350 | D:1      | Found a faded altar of an unknown god.
  1052 | D:2      | Reached XP level 3. HP: 26/26 MP: 3/3
  1081 | D:2      | Reached skill level 1 in Stealth
  1099 | D:2      | Noticed Robin
  1121 | D:2      | Killed Robin
  1123 | D:2      | Reached XP level 4. HP: 19/31 MP: 4/4
  1448 | D:2      | Reached skill level 3 in Axes
  1771 | D:3      | Found a blossoming altar of Fedhas.
  1984 | D:3      | Reached XP level 5. HP: 30/36 MP: 5/5
  2313 | D:4      | Found Hogh's Antique Weapon Shop.
  2358 | D:4      | Noticed Grinder
  2366 | D:4      | Killed Grinder
  2367 | D:4      | Reached skill level 4 in Axes
  2367 | D:4      | Reached XP level 6. HP: 31/43 MP: 6/6
  2597 | D:4      | Reached skill level 5 in Axes
  2707 | D:4      | Reached XP level 7. HP: 48/48 MP: 7/7
  2794 | D:4      | Found a staircase to the Ecumenical Temple.
  2846 | Temple   | Entered the Ecumenical Temple
  2892 | Temple   | Became a worshipper of Makhleb the Destroyer
  3028 | D:5      | Entered Level 5 of the Dungeon
  3062 | D:4      | Bought a runed hand axe for 174 gold pieces
  3161 | D:5      | Found a runed translucent gate.
  3161 | D:5      | Found a runed translucent gate.
  3163 | D:5      | Found a runed translucent gate.
  3163 | D:5      | Noticed olddryhag's ghost (novice DsWn)
  3258 | D:5      | Identified the +2 leather armour of Inviolability {rC+
                  | Dex-5 SInv}
  3312 | D:5      | Gained mutation: You occasionally shout uncontrollably at
                  | your foes. [potion of mutation]
  3312 | D:5      | Gained mutation: You are strong-willed. (Will+) [potion of
                  | mutation]
  3312 | D:5      | Gained mutation: Your muscles are strong. (Str +4, Int/Dex
                  | -1) [potion of mutation]
  3326 | D:5      | Reached skill level 6 in Axes
  3326 | D:5      | Reached skill level 1 in Invocations
  4110 | D:6      | Found a glowing golden altar of the Shining One.
  4169 | D:6      | Reached XP level 8. HP: 53/54 MP: 9/9
  4294 | D:6      | Found a large runed translucent door.
  4295 | D:6      | Found a large runed translucent door.
  4337 | D:6      | Reached * piety under Makhleb
  4365 | D:6      | Reached skill level 7 in Axes
  4491 | D:6      | HP: 2/54 [something (4)]
  4491 | D:6      | Slain by a sky beast

Illustrated notes

Levels and vault maps discovered:
D:1:      scummos_arrival_simple_fountains, layout_basic,
          dreamdust_ecumenical_altar_drowned_temple, dk_noncrumbling_3
D:2:      layout_basic, uniq_robin
D:3:      layout_basic, fedhas_altar_4
D:4:      layout_loops_cross, temple_statues, serial_shops, shop,
          hangedman_decor_growths, hangedman_decor_clover_reticule,
          grunt_ministairs_3, uniq_grinder
D:5:      layout_loops_ring, gammafunk_ghost_split, minivault_25,
          glass_columns_c
D:6:      layout_cave_pools, nicolae_tso_carved_into_rock, jmf_multi_god_temple2
Temple:   nicolae_temple_great_sept

Skill      XL: |  1  2  3  4  5  6  7  8 |
---------------+-------------------------+-----
Stealth        | 1 2 4 |  4.2
Axes           | 3 4 5 6 7 |  7.3
Fighting       | 4 |  4.8
Dodging        | 4 |  4.4
Invocations    | 1 2 |  2.0
Shields        | 4 |  4.0

Action                     |  1- 3 |  4- 6 |  7- 9 || total
---------------------------+-------+-------+-------++-------
  Melee: War axe           |    46 |    92 |     3 ||   141
         Tentacles         |     7 |    19 |    12 ||    38
         Constrict         |    11 |    23 |    13 ||    47
         Punch             |     1 |       |     1 ||     2
         Hand axe          |       |       |    53 ||    53
  Throw: Javelin           |       |       |     3 ||     3
    Use: Potion            |       |       |     5 ||     5
         Scroll            |       |       |     2 ||     2
   Stab: Sleeping          |     9 |    13 |     3 ||    25
 Armour: Skin              |    21 |    50 |    52 ||   123
  Dodge: Dodged            |    38 |    60 |    40 ||   138
  Block: Buckler           |    12 |    18 |    16 ||    46

Table legend: (Time is in decaauts)
 A = Elapsed time spent in this place.
 B = Non-inter-level travel time spent in this place.
 C = Inter-level travel time spent in this place.
 D = Time resting spent in this place.
 E = Time spent auto-exploring this place.
 F = Levels seen in this place.
 G = Mean time per level.
                   A        B        C        D        E       F      G
               +--------+--------+--------+--------+--------+-----+--------+
         Total |   4577 |   4229 |    348 |    136 |   3238 |   7 |  653.9 |
       Dungeon |   4518 |   4183 |    335 |    136 |   3238 |   6 |  753.0 |
        Temple |     58 |     46 |     12 |      0 |      0 |   1 |   58.0 |
               +--------+--------+--------+--------+--------+-----+--------+

Top non-repeatable levels by time:
     D:1: 1017 daAuts
     D:4: 788 daAuts
     D:5: 777 daAuts
     D:3: 717 daAuts
     D:2: 617 daAuts
     D:6: 600 daAuts
  Temple: 58 daAuts
